 Dungeon Crawl Stone Soup version 0.30.1-1-g62c8e00024 (webtiles) character file.

Game seed: 12423024979234746261

57 Peloso the Covered (level 3, -8/33 HPs)
             Began as a Minotaur Fighter on July 17, 2023.
             Was an Initiate of Okawaru.
             Killed from afar by a white imp (10 damage)
             ... with a puff of frost
             ... on level 4 of the Dungeon.
             The game lasted 00:05:24 (1777 turns).

Peloso the Covered (Minotaur Fighter)               Turns: 1777, Time: 00:05:25

Health: -8/33      AC:  9    Str: 20    XL:     3   Next: 73%
Magic:  2/2        EV:  8    Int:  5    God:    Okawaru [......]
Gold:   133        SH:  4    Dex: 11    Spells: 2/2 levels left

rFire   + . .        a - +0 long sword
rCold   . . .        d - +0 buckler
rNeg    . . .        c - +0 chain mail
rPois   .            (helmet restricted)
rElec   .            (no cloak)
rCorr   .            (no gloves)
SInv    .            (no boots)
Will    .....        (no amulet) Stlth
                     e - ring of protection from fire
HPRegen 0.25/turn    (no ring)
MPRegen 0.08/turn

%: no passive effects
@: no status effects
A: horns 2, retaliatory headbutt
a: Renounce Religion


You were on level 4 of the Dungeon.
You worshipped Okawaru.
Okawaru was noncommittal.
You visited 1 branch of the dungeon, and saw 4 of its levels.

You collected 133 gold pieces.

Inventory:

Hand Weapons
 a - a +0 long sword (weapon)
Armour
 b - a +0 scale mail
 c - a +0 chain mail (worn)
 d - a +0 buckler (worn)
Jewellery
 e - a ring of protection from fire (left hand)
 i - a +6 ring of intelligence
 l - an amulet of magic regeneration
Scrolls
 f - 2 scrolls of fear
 h - 2 scrolls of teleportation
 k - a scroll of poison {unknown}
 n - a scroll of magic mapping {unknown}
Potions
 g - a potion of mutation
 j - a potion of resistance
 m - a potion of invisibility {unknown}
 o - a potion of might


   Skills:
 + Level 4.1 Fighting
 + Level 3.2 Long Blades
 + Level 4.4 Armour
 + Level 0.6 Dodging
 + Level 0.1 Stealth
 + Level 4.0 Shields


You had 2 spell levels left.
You didn't know any spells.
Your spell library was empty.

Dungeon Overview and Level Annotations

Branches:
Dungeon (4/15)
 Temple: D:4-7

Altars:
Okawaru

Annotations:
D:4 Menkaure


Innate Abilities, Weirdness & Mutations

You have a pair of horns on your head.
You reflexively headbutt those who attack you in melee.


Message History

Found a stone staircase leading up.
The adder hisses angrily.
There is a stone staircase leading down here.
The gnoll hits you from afar with a +0 halberd.
There is a stone staircase leading down here.
You miss the adder. Your headbutt misses the adder.
The adder closely misses you. The gnoll closely misses you.
The adder bites you but does no damage.
The gnoll hits you from afar with a +0 halberd.
You hit the adder but do no damage. You headbutt the adder!
The adder is almost dead.
The adder bites you but does no damage. The gnoll closely misses you.
You block the adder's attack.
You barely miss the adder. You headbutt the adder.
You kill the adder!
Okawaru accepts your kill.
The gnoll hits you from afar with a +0 halberd!
The gnoll hits you but does no damage. The gnoll hits you with a +0 halberd.
The gnoll hits you from afar with a +0 halberd.
* * * LOW HITPOINT WARNING * * *
There is a stone staircase leading down, spattered with blood here.
The gnoll closely misses you.
The gnoll hits you from afar with a +0 halberd!
* * * LOW HITPOINT WARNING * * *
You climb downwards.
There is a stone staircase leading up here.
Menkaure, Prince of Dust comes into view.
Found a jewelled glass wand.
Found a stone staircase leading up.
Menkaure shouts!
A hobgoblin comes into view.
An adder comes into view.
There is a stone staircase leading up here.
The hobgoblin shouts!
A white imp comes into view.
The white imp shouts!
Menkaure calls on the powers of darkness!
The hobgoblin convulses!
You feel a surge of unholy energy. The white imp gestures at you.
The puff of frost hits you!
You die...

## ##... ...
....# #.###.5..
#.......###
#.#.......#
#.......#.####.
#..../.........
#.####@#.....#
..............#
##.#####......#.
.......<.......#
##.#####.##.#...
#.# .# .# #.# #
. g.. .M.


You could see a white imp.

Vanquished Creatures
  An adder (D:3)
  8 endoplasms
  3 giant cockroaches
  2 goblins
  6 hobgoblins
  4 kobolds
  3 quokkas
  4 ball pythons
  2 bats
  5 frilled lizards
  4 rats
42 creatures vanquished.

Notes
Turn   | Place    | Note
-------+----------+-------------------------------------------
     0 | D:1      | Peloso the Minotaur Fighter began the quest for the Orb.
     0 | D:1      | Reached XP level 1. HP: 19/19 MP: 0/0
    87 | D:1      | Reached XP level 2. HP: 25/27 MP: 1/1
   753 | D:2      | Found a faded altar of an unknown god.
   764 | D:2      | Reached XP level 3. HP: 33/33 MP: 2/2
  1529 | D:3      | Found an iron altar of Okawaru.
  1561 | D:3      | Became a worshipper of Warmaster Okawaru
  1771 | D:3      | HP: 1/33 [gnoll/+0 halberd (7)]
  1773 | D:4      | Noticed Menkaure
  1777 | D:4      | Killed from afar by a white imp

Illustrated notes

Levels and vault maps discovered:
D:1:      dpeg_arrival_pond, layout_basic, serial_glass, glass_columns_c,
          glass_columns_a
D:2:      layout_loops_ring, chequers_ecumenical_altar_simple_redux
D:3:      layout_rooms, mainiacjoe_overflow_24_doors, slow_altar_1,
          kennysheep_generic_room_3
D:4:      layout_basic, minmay_gold_behind_fungi, minmay_misc_feat_four_crosses,
          kennysheep_another_room, cheibrodos_gnoll_hut, uniq_grinder,
          uniq_menkaure, uniq_crazy_yiuf_cottage

Skill      XL: |  1  2  3 |
---------------+----------+-----
Fighting       | 4 |  4.1
Armour         | 4 |  4.4
Shields        | 4 |  4.0
Long Blades    | 3 |  3.2
Dodging        | |  0.6
Stealth        | |  0.1

Action                     || total
---------------------------++-------
  Melee: Long sword        ||    83
         Headbutt          ||    10
    Use: Scroll            ||     5
 Armour: Scale mail        ||    29
         Chain mail        ||     5
  Dodge: Dodged            ||    47
  Block: Buckler           ||    15
